 Dungeon Crawl Stone Soup version 0.23.2-1-ga50397a (webtiles) character file.

Game seed: 13774906556535384781

133 PaladinM the Slasher (level 5, 0/39 HPs)
             Began as a Human Warper on May 24, 2019.
             Slain by a howler monkey (5 damage)
             ... on level 3 of the Dungeon.
             The game lasted 00:10:27 (3302 turns).

PaladinM the Slasher (Human Warper)                 Turns: 3302, Time: 00:10:28

Health: 0/39       AC:  3    Str: 11    XL:     5   Next: 40%
Magic:  2/8        EV: 12    Int: 13    God:
Gold:   114        SH:  0    Dex: 14    Spells: 1/8 levels left

rFire    . . .     SeeInvis .   a - +0 falchion
rCold    . . .     Gourm    .   (no shield)
rNeg     . . .     Faith    .   b - +0 leather armour
rPois    .         Spirit   .   (no helmet)
rElec    .         Reflect  .   (no cloak)
rCorr    .         Harm     .   (no gloves)
MR       .....                  (no boots)
Stlth    +.........             (no amulet)
HPRegen  0.13/turn              (no ring)
MPRegen  0.11/turn              (no ring)

@: no status effects
A: no striking features
a: no special abilities


You were on level 3 of the Dungeon.
You were hungry.

You visited 1 branch of the dungeon, and saw 3 of its levels.

You collected 114 gold pieces.

Inventory:

Hand Weapons
 a - a +0 falchion (weapon)
Missiles
 e - 5 tomahawks of dispersal (quivered)
 k - 6 poisoned tomahawks
Armour
 b - a +0 leather armour (worn)
Jewellery
 c - an uncursed ring of resist corrosion {unknown}
 i - a +3 ring of dexterity {unknown}
Scrolls
 d - 2 scrolls of blinking
 g - a scroll of remove curse {unknown}
 l - a scroll of enchant weapon {unknown}
 m - 4 scrolls of identify {unknown}
 o - a scroll of magic mapping {unknown}
 p - 2 scrolls of amnesia {unknown}
Potions
 h - 2 potions of curing
 j - a potion of might {unknown}
 n - a potion of flight {unknown}
 q - 2 potions of lignification {unknown}
Comestibles
 f - 7 rations


   Skills:
 - Level 2.5 Fighting
 + Level 4.5 Long Blades
 - Level 1.1 Throwing
 - Level 1.3 Armour
 - Level 2.2 Dodging
 - Level 2.1 Spellcasting
 - Level 3.0 Translocations


You had one spell level left.
You knew the following spells:

 Your Spells              Type           Power        Failure   Level  Hunger
a - Shroud of Golubria    Chrm/Tloc      #.........   26%         2    ###....
b - Blink                 Tloc           N/A          14%         2    ###....
c - Teleport Other        Tloc           #.......     28%         3    ####...

Your spell library contained the following spells:

 Spells                   Type           Power        Failure   Level  Hunger
 Gell's Gravitas          Tloc           #.........   28%         3    ####...
 Lesser Beckoning         Tloc           #.........   28%         3    ####...
 Passage of Golubria      Tloc           N/A          67%         4    #####..


Dungeon Overview and Level Annotations

Branches:
Dungeon (3/15)

Altars:


Message History

The howler monkey hoots and howls with incredible vigour!
You hear a shout!
The howler monkey hoots and howls with incredible vigour!
You hear a shout! x2; You hear an angry growl.
A hobgoblin and 3 gnolls come into view.
A gnoll is wielding a +1 whip of holy wrath.
The gnoll shouts!
The hobgoblin shouts!
You hear a shout!
The gnoll moves out of view.
A gnoll comes into view. It is wielding a +0 whip.
The gnoll hits you but does no damage. The hobgoblin closely misses you.
You hit the hobgoblin.
The hobgoblin is heavily wounded.
The hobgoblin hits you with a +0 club.
The gnoll hits you from afar with a +0 halberd!
* * * LOW HITPOINT WARNING * * *
The hobgoblin hits you with a +0 club.
* * * LOW HITPOINT WARNING * * *
The hobgoblin closely misses you. The howler monkey hits you.
You die...

.................#..
####...########.#.# #...# #.#.#
#...# #.#.# #...# #.#.####
#...# #.#....#
#####.÷.########.#.##.#######.#
.................h.†g.g........
................@ggg..........#
#####...########.##.##.########
.................##.##.#
##############.####.##.# #..#
#o##.# ##.# #.##.# g######.#
#.##.# .....g..###.##.#
..####...##.##.# ....


You could see a howler monkey, 4 gnolls and a hobgoblin.

Vanquished Creatures
  4 gnolls
  An adder (D:3)
  5 worms (D:2)
  4 dart slugs
  A leopard gecko (D:2)
  2 orcs
  A ball python (D:2)
  11 bats
  2 giant cockroaches
  5 goblins
  4 hobgoblins
  4 quokkas
  6 frilled lizards
  8 kobolds
  8 rats
66 creatures vanquished.

Notes
Turn   | Place    | Note
-------+----------+-------------------------------------------
     0 | D:1      | PaladinM the Human Warper began the quest for the Orb.
     0 | D:1      | Reached XP level 1. HP: 16/16 MP: 3/3
   122 | D:1      | Reached XP level 2. HP: 10/23 MP: 5/5
   307 | D:1      | Reached XP level 3. HP: 21/28 MP: 6/6
   318 | D:1      | Learned a level 2 spell: Shroud of Golubria
   321 | D:1      | Learned a level 2 spell: Blink
  1291 | D:1      | Reached skill level 3 in Long Blades
  1291 | D:1      | Reached XP level 4. HP: 11/34 MP: 4/7
  2457 | D:2      | Reached skill level 4 in Long Blades
  2457 | D:2      | Reached XP level 5. HP: 22/39 MP: 6/8
  3080 | D:3      | Learned a level 3 spell: Teleport Other
  3302 | D:3      | Slain by a howler monkey

Skill      XL: |  1  2  3  4 |
---------------+-------------+-----
Long Blades    | 3 4 |  4.5
Fighting       | |  2.5
Throwing       | |  1.1
Armour         | |  1.3
Dodging        | |  2.2
Spellcasting   | |  2.1
Translocations | |  3.0

Action                   |  1- 3 |  4- 6 || total
-------------------------+-------+-------++-------
Melee: Falchion          |   108 |   152 ||   260
 Cast: Shroud of Golubri |     7 |    12 ||    19
       Blink             |       |     3 ||     3
  Use: Potion            |       |     2 ||     2
 Stab: Sleeping          |       |     1 ||     1
  Eat: Chunk             |     2 |     4 ||     6
       Ration            |       |     1 ||     1
Armor: Leather armour    |    24 |    26 ||    50
Dodge: Dodged            |    94 |    87 ||   181
       Rpst.: Falchion   |    35 |    29 ||    64
